 Dungeon Crawl Stone Soup version 0.30-a0-168-g0b976cbdc4 (webtiles) character file.

Game seed: 3619205657967216268

108285 warriortoast the Eclecticist (level 16, -5/139 HPs)
             Began as a Deep Elf Conjurer on Sept 26, 2022.
             Was an Elder of Sif Muna.
             Killed by divine providence
             ... invoked by a meliai
              (9 damage)
             ... on level 1 of the Spider Nest on Sept 29, 2022.
             The game lasted 03:15:20 (43844 turns).

warriortoast the Eclecticist (Deep Elf Conjurer)   Turns: 43844, Time: 03:15:21

Health: -5/139     AC: 12    Str:  8    XL:     16   Next: 2%
Magic:  17/40      EV: 21    Int: 28    God:    Sif Muna [****..]
Gold:   4240       SH:  0    Dex: 25    Spells: 7/51 levels left

rFire   x . .      SeeInvis +    H - +6 dagger "Yzxelueh" {vamp, rElec rN+ Dex+3}
rCold   . . .      Faith    .    (no shield)
rNeg    + . .      Spirit   .    z - +1 steam dragon scales
rPois   +          Reflect  .    j - +0 helmet
rElec   +          Harm     .    S - +2 cloak
rCorr   .          Rampage  .    h - +0 pair of gloves {Dex+3}
Will    +++..                    f - +0 pair of boots
Stlth   ..........               (no amulet)
HPRegen 0.33/turn                q - ring "Tiwyag" {rF- Will++ Dex+6 SInv Stlth+}
MPRegen 0.27/turn                u - ring of poison resistance

@: berserking (expiring), very quick
A: no striking features
a: Renounce Religion, Channel Magic, Forget Spell, Divine Exegesis


You were on level 1 of the Spider Nest.
You worshipped Sif Muna.
Sif Muna was greatly pleased with you.
You visited 5 branches of the dungeon, and saw 24 of its levels.

You collected 4366 gold pieces.
You spent 126 gold pieces at shops.

Inventory:

Hand Weapons
 H - the +6 dagger "Yzxelueh" (weapon) {vamp, rElec rN+ Dex+3}
   (You bought it in a shop on level 11 of the Dungeon)

   It occasionally heals its wielder for a portion of the damage dealt when it
   wounds a living foe.
   Dex:       It affects your dexterity (+3).
   rElec:     It insulates you from electricity.
   rN:        It protects you from negative energy.
Missiles
 t - 25 poisoned darts
Armour
 f - a +0 pair of boots (worn)
 h - a +0 pair of gloves of dexterity (worn)
 j - a +0 helmet (worn)
 z - +1 steam dragon scales (worn)
 S - a +2 cloak (worn)
Jewellery
 d - a ring of flight
 e - a +6 ring of intelligence
 q - the ring "Tiwyag" (left hand) {rF- Will++ Dex+6 SInv Stlth+}
   (You found it on level 9 of the Dungeon)

   [ring of dexterity]

   Dex:       It affects your dexterity (+6).
   rF:        It makes you vulnerable to fire.
   SInv:      It lets you see invisible.
   Will:      It greatly increases your willpower.
   Stlth:     It makes you more stealthy.
 u - a ring of poison resistance (right hand)
 A - a ring of wizardry
 G - a +4 ring of evasion
 T - the ring "Loolicza" {Ice rN++ Will++}
   (You took it off a spriggan on level 3 of the Lair of Beasts)

   [ring of ice]

   It enhances your ice magic.
   rF:        It makes you vulnerable to fire.
   rC:        It protects you from cold.
   rN:        It greatly protects you from negative energy.
   Will:      It greatly increases your willpower.
 X - a ring of magical power
Wands
 g - a wand of flame (4)
 o - a wand of digging (10)
 R - a wand of mindburst (9)
Scrolls
 a - 5 scrolls of fog
 b - a scroll of enchant weapon
 c - 10 scrolls of teleportation
 l - 3 scrolls of amnesia
 C - 3 scrolls of identify
 O - a scroll of silence
 P - 3 scrolls of magic mapping
 V - 2 scrolls of summoning
Potions
 i - 3 potions of heal wounds
 k - 7 potions of curing
 m - 2 potions of haste
 n - 5 potions of mutation
 p - 2 potions of attraction
 x - 2 potions of invisibility
 B - 4 potions of ambrosia
 D - 3 potions of berserk rage
 F - 4 potions of flight
 J - a potion of brilliance
 L - a potion of cancellation
 M - 3 potions of might


   Skills:
 - Level 8.0 Fighting
 - Level 5.6 Short Blades
 - Level 10.0 Dodging
 - Level 2.4 Stealth
 - Level 18.3 Spellcasting
 + Level 16.0 Conjurations
 - Level 7.0 Hexes
 - Level 8.5 Translocations
 + Level 10.0 Air Magic
 + Level 9.7 Invocations
 - Level 5.0 Evocations


You had 7 spell levels left.
You knew the following spells:

 Your Spells              Type           Power      Damage    Failure   Level
a - Magic Dart            Conj           100%       1d8       0%          1
b - Dazzling Flash        Conj/Hex       100%       N/A       1%          3
c - Fulminant Prism       Conj/Hex       37%        3d18      1%          4
d - Iskenderun's Mystic   Conj/Tloc      76%        2d15      1%          4
e - Blink                 Tloc           100%       N/A       1%          2
f - Tukima's Dance        Hex            60%        N/A       1%          3
g - Kindle Blastsparks    Fire/Tloc/Air  100%       2d18      1%          3
h - Manifold Assault      Tloc           65%        N/A       1%          4
i - Swiftness             Air            70%        N/A       1%          3
j - Airstrike             Air            35%        2d(5-21)  1%          4
k - Orb of Destruction    Conj           43%        9d12      1%          7
l - Conjure Ball Lightni  Conj/Air       39%        3x3d13    1%          6

Your spell library contained the following spells:

 Spells                   Type           Power      Damage    Failure   Level
 Shock                    Conj/Air       100%       1d9       0%          1
 Searing Ray              Conj           100%       2d8       0%          2
 Static Discharge         Conj/Air       100%       2-7/arc   0%          2
 Apportation              Tloc           100%       N/A       1%          1
 Kiss of Death            Conj/Necr      100%       2d13      1%          1
 Necrotise                Necr           100%       1d9       1%          1
 Slow                     Hex            100%       N/A       1%          1
 Sting                    Tmut/Pois      100%       1d8       1%          1
 Summon Small Mammal      Summ           100%       N/A       1%          1
 Cigotuvi's Dreadful Rot  Necr/Pois/Air  88%        N/A       1%          2
 Poisonous Vapours        Pois/Air       100%       N/A       1%          2
 Confusing Touch          Hex            60%        N/A       1%          3
 Gell's Gravitas          Tloc           65%        N/A       1%          3
 Hailstorm                Conj/Ice       63%        3d13      1%          3
 Lesser Beckoning         Tloc           65%        N/A       1%          3
 Mephitic Cloud           Conj/Pois/Air  65%        N/A       1%          3
 Teleport Other           Tloc           65%        N/A       1%          3
 Flame Wave               Conj/Fire      63%        2d15      1%          4
 Passage of Golubria      Tloc           65%        N/A       1%          4
 Sticky Flame             Conj/Fire      63%        2d8       1%          4
 Arcjolt                  Conj/Air       39%        1d49      1%          5
 Irradiate                Conj/Tmut      31%        3d22      1%          5
 Frozen Ramparts          Ice            50%        1d8       4%          3
 Ignite Poison            Fire/Tmut/Pois 25%        N/A       4%          3
 Vampiric Draining        Necr           25%        2d7       4%          3
 Anguish                  Hex/Necr       22%        N/A       4%          4
 Iron Shot                Conj/Erth      31%        9d6       10%         6
 Starburst                Conj/Fire      31%        6d10      10%         6
 Yara's Violent Unravell  Hex/Tmut       22%        3d10      11%         5
 Animate Armour           Summ/Erth      50%        N/A       17%         4
 Dispel Undead            Necr           25%        3d12      17%         4
 Ice Form                 Ice/Tmut       25%        N/A       17%         4
 Olgreb's Toxic Radiance  Pois           25%        N/A       17%         4
 Summon Ice Beast         Ice/Summ       25%        N/A       17%         4
 Agony                    Necr           25%        N/A       43%         5
 Blade Hands              Tmut           12%        N/A       43%         5
 Spellforged Servitor     Conj/Summ      31%        N/A       47%         7
 Enfeeble                 Hex            30%        N/A       63%         7
 Storm Form               Tmut/Air       26%        N/A       88%         7
 Malign Gateway           Summ/Tloc      24%        N/A       94%         7
 Chain Lightning          Conj/Air       39%        3d52      100%        9
 Fire Storm               Conj/Fire      31%        8d8       100%        9
 Shatter                  Erth           12%        3d13*     100%        9


Dungeon Overview and Level Annotations

Branches:
Dungeon (15/15)            Temple (1/1) D:4            Lair (5/5) D:8
 Shoals (0/4) Lair:2       Spider (1/4) Lair:2        Slime (0/5) Lair:4
    Orc (2/2) D:11            Elf (0/3) Orc:2        Vaults (0/5) D:14
 Depths (0/4) D:15

Altars:
Ashenzari
Cheibriados
Dithmenos
Elyvilon
Fedhas
Gozag
Hepliaklqana
Kikubaaqudgha
Makhleb
Nemelex Xobeh
Okawaru
Qazlal
Ru
Sif Muna
Trog
Uskayaw
Vehumet
Wu Jian
Xom
Yredelemnul
Zin
The Shining One
Jiyva

Shops:
D:3 [   D:11 (   Orc:2 [:[([

Portals:
Abyss: Lair:3
Trove: D:10 (give +6 demon trident)

Annotations:
Lair:3 2 transporters, Splishie's ghost, journeyman GnWn


Message History

You drop a condenser vane.
You feel very sick.
The meliai calls upon its god to heal the meliai.
The meliai's wounds heal themselves!
The meliai completely misses you. x2
You feel sick. The meliai hits you with a +0 hand axe!
* * * LOW HITPOINT WARNING * * *
The meliai misses you.
You feel better.
The meliai invokes the aid of its god against you.
Something smites you!
* * * LOW HITPOINT WARNING * * *
The meliai mumbles some strange prayers to its god against you.
Something smites you!
* * * LOW HITPOINT WARNING * * *
You feel much better. The meliai hits you with a +0 hand axe.
* * * LOW HITPOINT WARNING * * *
The meliai barely misses you. The meliai completely misses you.
The meliai barely misses you.
The jumping spider leaps!
A red film seems to cover your vision as you go berserk!
You feel yourself moving faster!
You feel mighty! The meliai misses you. The meliai stings you.
* * * LOW HITPOINT WARNING * * *
The meliai calls down the wrath of its god upon you.
Something smites you!
* * * LOW HITPOINT WARNING * * *
The meliai completely misses you. The meliai misses you.
You feel a strong urge to attack something.
The meliai calls upon its god to heal the meliai.
The meliai's wounds heal themselves!
The meliai completely misses you. The meliai stings you.
* * * LOW HITPOINT WARNING * * *
The meliai attacks as you move away! The meliai closely misses you.
The meliai barely misses you.
The meliai mumbles some strange prayers to its god against you.
Something smites you!
* * * LOW HITPOINT WARNING * * *
You feel your anger nearly subside.
The meliai invokes the aid of its god against you.
Something smites you!
You die...

,,,,,,,,,,,,,,,,,,,,,,,,*
,,,,,,,,^,,,,,,,,,,,,,,**
,,,,,,^,,,,,,,,,,,>,,,,,*
,,,,,,,,,,,,,,,,,,,,,**,*
^,,,,,,,,,,,,,,^,,,,,****
,,,,,,,,,,,,,,,###,,,*
,,,,,,,,,,,,,,,#<#*,**
,,,,,,,,,,,,,,,#.#***
,,,,,,....,,,,,#@#
,,,,,,....,,,,,#.#
,,,,,,.....,,^,#.#
,,,,,,.....,,,,#y#
>,,,,,,,...s,,*#y#
,,,,,,,,,,.s####.##
,,,,,,,,,,,#.#....#
,,,,,,,,,,,##...s.#
,,,,,,,,,,,#...)..#


You could see a jumping spider and 2 meliai.

Vanquished Creatures
  Jorgrun (D:15)
  Rupert (D:14)
  Agnes (D:15)
  A fire giant (D:15)
  An orc warlord (Orc:1)
  2 fire dragons (Lair:5)
  Josephine (Lair:5)
  A rakshasa (D:15)
  3 vault guards (D:14)
  11 two-headed ogres
  2 ogre magi (Orc:2)
  5 hydras
  2 centaur warriors
  2 catoblepae (Lair:5)
  3 boulder beetles
  4 death yaks (Lair:4)
  A dancing weapon (D:15)
  4 skeletal warriors (D:13)
  2 cherubim (D:15)
  A swamp dragon (Lair:5)
  2 deep trolls (Orc:2)
  Pikel (D:8)
  A lindwurm (Lair:5)
  A necromancer (Spider:1)
  5 wolf spider zombies (Spider:1)
  An orc knight (Orc:1)
  2 wizards (D:14)
  4 deep elf pyromancers
  2 ugly things
  A wolf spider (Lair:2)
  4 orc sorcerers
  2 manticores
  Maurice (D:8)
  6 cyclopes
  9 elephants
  A black mamba (Lair:4)
  8 torpor snails
  Maggie (D:6)
  Psyche (D:8)
  2 unseen horrors
  2 gargoyles
  4 rime drakes
  A yaktaur (D:14)
  10 cane toads
  A freezing wraith (D:14)
  11 komodo dragons
  An unseen horror zombie (D:10)
  5 redback zombies (Spider:1)
  A meliai (Spider:1)
  16 trolls
  4 tyrant leeches (Lair:5)
  3 polar bears
  10 hornets
  Prince Ribbit (D:7)
  17 blink frogs
  6 slime creatures (D:14)
  13 dream sheep
  5 culicivora zombies (Spider:1)
  8 tarantella zombies (Spider:1)
  3 centaur simulacra (D:12)
  6 shadows
  A vampire (D:10)
  A jumping spider (Spider:1)
  10 wraiths
  12 spriggans
  6 wyverns
  3 basilisks
  37 yaks
  15 humans (D:14)
  Eustachio (D:6)
  3 steam dragons
  A redback (Lair:2)
  A warg (Orc:1)
  5 vampire mosquitoes
  An acid dragon (Lair:5)
  Edmund (D:6)
  3 swamp worms (D:7)
  20 water moccasins
  27 orc warriors
  3 swamp drakes (Lair:5)
  3 ice beasts
  5 black bears
  A sky beast (D:8)
  A black bear (shapeshifter) (D:13)
  21 ogres
  3 boggarts (Lair:3)
  8 wolves
  6 centaurs
  A phantom (D:6)
  2 kobold brigands
  7 bullfrogs
  2 gnoll sergeants
  4 necrophages
  3 scorpions
  7 wights
  10 killer bees
  A troll zombie (D:11)
  6 electric eels
  9 centaur zombies (D:10)
  3 hounds
  22 orc priests
  3 jellies
  10 iguanas
  23 orc wizards
  12 hell rats
  5 ogre zombies (D:11)
  20 gnolls
  4 adders
  2 shadow imps (D:5)
  7 white imps
  2 ufetubi (D:12)
  3 worms
  2 dart slugs
  65 orcs
  A bat zombie (D:3)
  4 endoplasms
  4 giant cockroaches
  7 goblins
  8 hobgoblins
  2 quokkas
  5 ball pythons
  5 bats
  3 frilled lizards
  A goblin skeleton (D:11)
  2 goblin zombies (D:11)
  8 kobolds
  16 orc zombies (D:11)
  4 rats
  2 rat zombies (D:3)
  2 butterflies (D:4)
  2 fulminant prisms
742 creatures vanquished.

Vanquished Creatures (collateral kills)
  2 ball lightnings (D:14)
2 creatures vanquished.

Vanquished Creatures (others)
  16 ball lightnings (D:14)
  2 bushes (D:8)
  465 fulminant prisms
  52 fungi
  178 plants
  5 withered plants (D:10)
718 creatures vanquished.

Grand Total: 1462 creatures vanquished

Notes
Turn   | Place    | Note
-------+----------+-------------------------------------------
     0 | D:1      | warriortoast the Deep Elf Conjurer began the quest for the
                  | Orb.
     0 | D:1      | Reached XP level 1. HP: 10/10 MP: 6/6
   459 | D:1      | Reached XP level 2. HP: 15/15 MP: 2/8
   973 | D:1      | Found a faded altar of an unknown god.
  1131 | D:1      | Reached skill level 4 in Spellcasting
  1527 | D:2      | Reached XP level 3. HP: 19/19 MP: 7/10
  1564 | D:2      | Reached skill level 5 in Conjurations
  2575 | D:3      | Found Quenuf's Antique Armour Emporium.
  2636 | D:3      | Found a sparkling altar of Nemelex Xobeh.
  2674 | D:3      | Found a blossoming altar of Fedhas.
  2683 | D:3      | Found an iron altar of Okawaru.
  2688 | D:3      | Identified the +2 chain mail of the Wumpus {Rampage rPois
                  | Will+ Str+4}
  2692 | D:3      | Noticed a scorpion
  2697 | D:3      | Killed a scorpion
  2698 | D:3      | Reached skill level 5 in Spellcasting
  2698 | D:3      | Reached XP level 4. HP: 24/24 MP: 9/13
  3264 | D:3      | Found an ancient bone altar of Kikubaaqudgha.
  3550 | D:4      | Found a staircase to the Ecumenical Temple.
  3561 | Temple   | Entered the Ecumenical Temple
  3561 | Temple   | Found a transporter.
  3561 | Temple   | Found a transporter.
  3563 | Temple   | Found a transporter.
  3563 | Temple   | Found a transporter.
  3608 | Temple   | Became a worshipper of Sif Muna the Loreminder
  3659 | D:4      | Reached XP level 5. HP: 10/28 MP: 8/15
  4206 | D:4      | Reached skill level 6 in Spellcasting
  4277 | D:4      | Noticed a black bear
  4304 | D:4      | Learned a level 3 spell: Dazzling Flash
  4491 | D:4      | Killed a black bear
  4492 | D:4      | Reached skill level 1 in Hexes
  4492 | D:4      | Reached XP level 6. HP: 32/32 MP: 11/17
  5040 | D:5      | Entered Level 5 of the Dungeon
  5430 | D:5      | Reached skill level 7 in Spellcasting
  5430 | D:5      | Reached XP level 7. HP: 36/36 MP: 7/19
  5645 | D:5      | Identified the +3 dagger "Yraothru" {vamp, Fragile SInv
                  | Stlth+}
  6053 | D:4      | Learned a level 4 spell: Fulminant Prism
  6688 | D:6      | Reached * piety under Sif Muna
  6693 | D:6      | Reached skill level 8 in Spellcasting
  6816 | D:6      | Reached skill level 5 in Hexes
  7243 | D:6      | Reached XP level 8. HP: 25/41 MP: 13/22
  8069 | D:6      | Identified the +1 ring mail "Boxifu" {rPois Dex+3}
  8164 | D:6      | Noticed Maggie
  8495 | D:6      | Noticed Edmund
  8499 | D:6      | Reached skill level 1 in Short Blades
  8524 | D:6      | Killed Edmund
  8841 | D:6      | Killed Maggie
  8842 | D:6      | Reached skill level 9 in Spellcasting
  9069 | D:6      | Noticed Eustachio
  9093 | D:6      | Killed Eustachio
  9255 | D:7      | Learned a level 4 spell: Iskenderun's Mystic Blast
  9605 | D:7      | Found a basalt altar of Yredelemnul.
  9611 | D:7      | Reached skill level 1 in Invocations
  9611 | D:7      | Reached skill level 1 in Evocations
  9611 | D:7      | Reached XP level 9. HP: 37/46 MP: 11/24
  9619 | D:7      | Reached skill level 1 in Fighting
 10510 | D:7      | Identified the +7 chain mail "Vomont" {Drain rElec rN+
                  | Int+6}
 10556 | D:7      | Noticed Prince Ribbit
 10565 | D:7      | Killed Prince Ribbit
 10566 | D:7      | Reached skill level 1 in Translocations
 11070 | D:8      | Noticed Pikel
 11365 | D:8      | Noticed Psyche
 11374 | D:8      | Killed Psyche
 11375 | D:8      | Identified a scroll of acquirement
 11375 | D:8      | Acquired 1092 gold pieces
 11385 | D:8      | Reached ** piety under Sif Muna
 11602 | D:8      | Reached skill level 10 in Spellcasting
 11606 | D:8      | Noticed a troll
 11611 | D:8      | Killed a troll
 11704 | D:8      | Noticed a two-headed ogre
 11728 | D:8      | Reached skill level 5 in Short Blades
 11740 | D:8      | Killed a two-headed ogre
 11741 | D:8      | Reached XP level 10. HP: 15/56 MP: 4/26
 12047 | D:8      | Reached skill level 5 in Dodging
 12138 | D:8      | Found a staircase to the Lair.
 12144 | D:8      | Reached skill level 11 in Spellcasting
 12202 | D:8      | Killed Pikel
 12748 | D:8      | Noticed a deep elf pyromancer
 12779 | D:8      | Killed a deep elf pyromancer
 13058 | D:8      | Noticed Maurice
 13070 | D:8      | Killed Maurice
 13487 | Lair:1   | Entered Level 1 of the Lair of Beasts
 13503 | Lair:1   | Noticed a cane toad
 13642 | D:9      | Identified the ring "Tiwyag" {rF- Will++ Dex+6 SInv Stlth+}
 13656 | D:9      | Reached skill level 5 in Fighting
 13711 | D:9      | Found a stormy altar of Qazlal.
 13725 | D:9      | Reached skill level 12 in Spellcasting
 13912 | D:9      | Reached XP level 11. HP: 63/63 MP: 26/29
 14229 | D:9      | Found a shadowy altar of Dithmenos.
 14270 | D:9      | Found a sacrificial altar of Ru.
 14329 | D:9      | Reached *** piety under Sif Muna
 14705 | D:10     | Entered Level 10 of the Dungeon
 15846 | D:10     | Reached skill level 13 in Spellcasting
 16151 | D:10     | Found a radiant altar of Vehumet.
 16484 | D:10     | Found a portal to a secret trove of treasure.
 16899 | D:11     | Reached **** piety under Sif Muna
 17438 | D:11     | Noticed a two-headed ogre
 17664 | D:11     | Noticed a two-headed ogre
 17673 | D:11     | Killed a two-headed ogre
 17674 | D:11     | Reached XP level 12. HP: 61/71 MP: 22/31
 17984 | D:11     | Found Moshryti's Antique Weapon Shoppe.
 17990 | D:11     | Bought a fine dagger for 126 gold pieces
 17990 | D:11     | Identified the +6 dagger "Yzxelueh" {vamp, rElec rN+ Dex+3}
                  | (You bought it in a shop on level 11 of the Dungeon)
 18103 | D:11     | Found a staircase to the Orcish Mines.
 18123 | D:11     | Killed a two-headed ogre
 18405 | D:11     | Learned a level 2 spell: Blink
 18409 | D:11     | Learned a level 3 spell: Tukima's Dance
 18835 | Orc:1    | Entered Level 1 of the Orcish Mines
 18839 | Orc:1    | Reached skill level 10 in Dodging
 18845 | Orc:1    | Reached skill level 14 in Spellcasting
 19365 | Orc:2    | Entered Level 2 of the Orcish Mines
 19365 | Orc:2    | Found a staircase to the Elven Halls.
 19403 | Orc:2    | Reached ***** piety under Sif Muna
 19409 | Orc:2    | Noticed an ogre mage
 19410 | Orc:2    | Paralysed by an ogre mage for 5 turns
 19413 | Orc:2    | Noticed a two-headed ogre
 19414 | Orc:2    | Noticed an ogre mage
 19750 | Lair:1   | Received a gift from Sif Muna
 20250 | Lair:1   | Got Sif Muna's Lessons on the Excursion {god gift}
 20379 | Lair:1   | Learned a level 3 spell: Kindle Blastsparks
 20384 | Lair:1   | Learned a level 4 spell: Manifold Assault
 20392 | Lair:1   | Reached skill level 5 in Invocations
 20396 | Lair:1   | Reached skill level 5 in Evocations
 21001 | Lair:1   | Reached skill level 10 in Conjurations
 21413 | Lair:2   | Reached skill level 5 in Translocations
 21727 | Lair:2   | Noticed an eight-headed hydra
 21815 | Lair:2   | Found a hole to the Spider Nest.
 21832 | Lair:2   | Killed an eight-headed hydra
 22203 | Lair:2   | Reached XP level 13. HP: 65/78 MP: 10/33
 22207 | Lair:2   | Reached skill level 15 in Spellcasting
 22863 | Lair:2   | Upgraded the game from 0.30-a0-149-g7f746667c4 to
                  | 0.30-a0-159-g068b764562
 23186 | Lair:2   | Found a staircase to the Shoals.
 24345 | Lair:3   | Identified the ring "Loolicza" {Ice rN++ Will++}
 24353 | Lair:3   | Upgraded the game from 0.30-a0-159-g068b764562 to
                  | 0.30-a0-168-g0b976cbdc4
 24611 | Lair:3   | Found a one-way gate to the infinite horrors of the Abyss.
 24683 | Lair:3   | Found a transporter.
 24688 | Lair:3   | Noticed Splishie's ghost (journeyman GnWn)
 25542 | Lair:3   | Found a transporter.
 25760 | Lair:4   | Found a runed translucent door.
 25764 | Lair:4   | Found a viscous altar of Jiyva.
 25766 | Lair:4   | Found a staircase to the Slime Pits.
 26007 | Lair:4   | Reached skill level 16 in Spellcasting
 26226 | Lair:4   | Received a gift from Sif Muna
 27099 | Lair:4   | Identified the +1 ring mail of Dablaece {rC++}
 27108 | Lair:4   | Learned a level 3 spell: Swiftness
 27113 | Lair:4   | Learned a level 4 spell: Airstrike
 27219 | Lair:5   | Entered Level 5 of the Lair of Beasts
 27226 | Lair:5   | Reached skill level 1 in Air Magic
 27463 | Lair:5   | Noticed Josephine
 27823 | Lair:5   | Killed Josephine
 27902 | Lair:5   | Reached XP level 14. HP: 73/84 MP: 19/36
 28312 | Lair:5   | Acquired 895 gold pieces
 28333 | Lair:5   | Reached skill level 17 in Spellcasting
 28359 | Lair:5   | Received a gift from Sif Muna
 28360 | Lair:5   | Got Sif Muna's Parchment of Conflict {god gift}
 29332 | Lair:5   | Found a runed translucent door.
 30459 | Lair:5   | Reached skill level 5 in Air Magic
 30693 | Lair:5   | Learned a level 7 spell: Orb of Destruction
 30700 | Lair:5   | Learned a level 6 spell: Conjure Ball Lightning
 32119 | Orc:2    | Reached skill level 18 in Spellcasting
 32624 | Orc:2    | Received a gift from Sif Muna
 32626 | Orc:2    | Got Sif Muna's Enchiridion on Bolts {god gift}
 32746 | Orc:2    | Learned a level 5 spell: Arcjolt
 33165 | Orc:2    | Found Xatzaf's Antique Armour Shop.
 33352 | Orc:2    | Found Ilaato's Weapon Shop.
 33353 | Orc:2    | Found Xuissak's Armour Boutique.
 33358 | Orc:2    | Found Gaiqozyi's Book Emporium.
 33367 | Orc:2    | Found Ilevvir's Armour Shop.
 33976 | Orc:1    | Reached XP level 15. HP: 88/88 MP: 36/39
 36398 | D:12     | Received a gift from Sif Muna
 36400 | D:12     | Got Sif Muna's Incunable of Collective Confrontation {god
                  | gift}
 37664 | D:13     | Reached skill level 15 in Conjurations
 38888 | D:14     | Noticed Rupert
 38901 | D:14     | Killed Rupert
 40343 | D:14     | Found a gate to the Vaults.
 40721 | D:15     | Entered Level 15 of the Dungeon
 40721 | D:15     | Noticed Agnes
 40725 | D:15     | Killed Agnes
 40829 | D:15     | Noticed Jorgrun
 40838 | D:15     | Killed Jorgrun
 41414 | D:15     | Found a staircase to the Depths.
 41414 | D:15     | Noticed a fire giant
 41422 | D:15     | Killed a fire giant
 42432 | Spider:1 | Entered Level 1 of the Spider Nest
 43329 | Spider:1 | Reached skill level 10 in Air Magic
 43581 | Spider:1 | Reached XP level 16. HP: 93/93 MP: 25/40
 43843 | Spider:1 | HP: 4/139 [meliai/divine providence (13)]
 43844 | Spider:1 | Killed from afar by a meliai

Illustrated notes

Levels and vault maps discovered:
D:1:      dpeg_arrival_pond, layout_loops_corners,
          shapermc_ecumenical_altar_acropolis, item_on_display_a
D:2:      minmay_skewed_foursquare, layout_loops_ring
D:3:      layout_loops_cross, lemuel_round_altar, okawaru_gym_becter,
          mainiacjoe_overflow_tiny_flanked, lemuel_zombie_altar_kikubaaqudgha,
          serial_shops, shop, hangedman_decor_diamond_cutter
D:4:      layout_basic, minmay_temple_entry_butterflies
D:5:      layout_cave_pools, minmay_hedge_maze
D:6:      layout_loops_cross, uniq_edmund, uniq_maggie, uniq_eustachio
D:7:      layout_layer_cave, mainiacjoe_overflow_chevrons, serial_rivers,
          chequers_serial_rivers_room_a, chequers_serial_rivers_micro_a,
          chequers_serial_rivers_micro_a, chequers_serial_rivers_small_a,
          chequers_serial_rivers_small_a, hangedman_decor_clover_reticule,
          worms_lemuel, uniq_prince_ribbit1
D:8:      layout_basic, minmay_lair_entry_grove,
          nicolae_ossuary_entry_false_entrances, guppyfry_early_elven_hall,
          uniq_maurice, uniq_psyche, uniq_pikel
D:9:      layout_roguey, kennysheep_mini_moat,
          nicolae_ru_great_annihilating_truth, nicolae_qazlal_style_of_elements,
          serial_glass, glass_columns_a, glass_columns_a, glass_columns_c,
          glass_columns_c, glass_columns_a, glass_columns_a, glass_columns_b,
          glass_columns_a, glass_columns_c, glass_columns_a, glass_columns_a,
          glass_columns_b, glass_columns_c, glass_columns_a, feat_on_display,
          david_defended_altar_orc
D:10:     layout_irregular_city, lemuel_crystal_altar,
          nicolae_trove_entry_crystal, serial_undead, serial_undead_b,
          serial_undead_c, serial_undead_b, serial_undead_d, serial_undead_e,
          serial_bayou_pond_d
D:11:     layout_gridville, zombieorc1_lemuel, serial_shops, shop
D:12:     layout_loops_ring, serial_ice, serial_ice_l, serial_ice_h,
          serial_ice_o, serial_ice_d
D:13:     layout_loops_cross
D:14:     layout_grid_maze, grunt_vaults_entry_tiered, uniq_rupert
D:15:     grunt_enter_depths_giant_problem, layout_irregular_city,
          minmay_misc_feat_four_crosses, pf_eden, uniq_agnes, uniq_jorgrun
Temple:   hellmonk_temple_divided_pantheon
Lair:1:   layout_cave_pods, st_stairs_12, grunt_megastairs_5
Lair:2:   layout_gridlike, minmay_shoals_entry_centaurs, spider_nest_entry_a,
          serial_bayou, serial_bayou_lagoon_a, serial_bayou_lake_a,
          serial_bayou_pond_e, serial_bayou_pond_e, serial_bayou_ford_a,
          nicolae_lair_run_with_the_wolves
Lair:3:   kb_forest_paths, layout_regular_city, gammafunk_ghost_abyssal_escape
Lair:4:   layout_regular_city, slime_entry_2, minivault_19,
          roderic_carrion_pond, grunt_megastairs_2
Lair:5:   guppyfry_lair_end_dragon, layout_long_grid, wormcave, uniq_josephine
Spider:1: lemuel_spider_zombies
Orc:1:    layout_caves, rock_pile
Orc:2:    st_orc_open, layout_diamond_mine, serial_shops,
          nicolae_shop_advertising_works [nicolae_subvault_shop_adworks]

Skill      XL: |  1  2  3  4  5  6  7  8  9 10 11 12 13 14 15 |
---------------+----------------------------------------------+-----
Spellcasting   | 4 5 6 7 8 9 10 12 13 14 16 18 | 18.3
Conjurations   | 5 6 7 8 9 10 12 14 16 | 16.0
Hexes          | 1 3 5 7 |  7.0
Short Blades   | 3 5 |  5.6
Invocations    | 1 2 3 5 6 9 |  9.7
Evocations     | 1 2 3 5 |  5.0
Fighting       | 3 5 6 8 |  8.0
Translocations | 3 4 5 8 |  8.5
Dodging        | 4 7 9 10 | 10.0
Air Magic      | 2 7 10 | 10.0
Stealth        | |  2.4

Action                   |  1- 3 |  4- 6 |  7- 9 | 10-12 | 13-15 | 16-18 || total
-------------------------+-------+-------+-------+-------+-------+-------++-------
Melee: Short sword       |       |     1 |     2 |       |       |       ||     3
       Dagger            |       |       |     8 |    10 |    40 |       ||    58
       Punch             |       |       |       |       |     2 |       ||     2
Throw: Dart              |     3 |     7 |       |       |       |       ||    10
 Cast: Magic Dart        |    78 |   105 |   108 |   122 |    23 |       ||   436
       Fulminant Prism   |       |       |    64 |   218 |   181 |     6 ||   469
       Dazzling Flash    |       |       |    11 |     1 |       |       ||    12
       Iskenderun's Myst |       |       |    10 |    78 |   239 |     7 ||   334
       Kindle Blastspark |       |       |       |     8 |    15 |       ||    23
       Manifold Assault  |       |       |       |     4 |     1 |       ||     5
       Airstrike         |       |       |       |       |   197 |       ||   197
       Orb of Destructio |       |       |       |       |   109 |       ||   109
       Arcjolt           |       |       |       |       |     6 |       ||     6
       Swiftness         |       |       |       |       |     3 |       ||     3
       Conjure Ball Ligh |       |       |       |       |     8 |       ||     8
Invok: Channel Magic     |       |       |       |     1 |    11 |       ||    12
       Forget Spell      |       |       |       |       |     1 |       ||     1
Evoke: Wand              |       |       |       |       |     2 |     1 ||     3
  Use: Scroll            |     2 |     3 |    13 |     4 |    10 |     1 ||    33
       Potion            |       |       |     6 |     2 |     3 |     4 ||    15
 Stab: Invisible         |       |       |     1 |       |       |       ||     1
       Sleeping          |       |       |       |       |     1 |       ||     1
Armor: Robe              |     2 |     3 |    19 |       |       |       ||    24
       Skin              |       |       |     1 |       |       |       ||     1
       Steam dragon scal |       |       |       |    20 |    27 |     6 ||    53
Dodge: Dodged            |     2 |    15 |    52 |    61 |   125 |    31 ||   286

Table legend: (Time is in decaauts)
 A = Elapsed time spent in this place.
 B = Non-inter-level travel time spent in this place.
 C = Inter-level travel time spent in this place.
 D = Time resting spent in this place.
 E = Time spent auto-exploring this place.
 F = Levels seen in this place.
 G = Mean time per level.
                   A        B        C        D        E       F      G
               +--------+--------+--------+--------+--------+-----+--------+
         Total |  43979 |  41874 |   2105 |  19435 |  17458 |  24 | 1832.5 |
       Dungeon |  27084 |  25661 |   1423 |  10849 |  12131 |  15 | 1805.6 |
        Temple |     59 |     52 |      7 |      0 |      0 |   1 |   59.0 |
          Lair |  12341 |  11786 |    555 |   6111 |   4151 |   5 | 2468.2 |
   Spider Nest |    626 |    624 |      2 |    308 |    120 |   1 |  626.0 |
  Orcish Mines |   3867 |   3750 |    117 |   2167 |   1055 |   2 | 1933.5 |
               +--------+--------+--------+--------+--------+-----+--------+

Top non-repeatable levels by time:
  Lair:5: 3562 daAuts
     D:8: 2756 daAuts
  Lair:2: 2559 daAuts
  Lair:3: 2418 daAuts
    D:11: 2331 daAuts
     D:5: 2287 daAuts
     D:4: 2252 daAuts
    D:14: 2252 daAuts
    D:10: 2225 daAuts
   Orc:1: 2166 daAuts
  Lair:4: 2147 daAuts
     D:7: 2121 daAuts
    D:12: 1919 daAuts
   Orc:2: 1701 daAuts
  Lair:1: 1653 daAuts
